Map: [ESL] Gresvan

Players

DisK

  • Race: Protoss Protoss
  • Spawn Location: 5:00

Scarlett - Winner!

  • Race: Zerg Zerg
  • Spawn Location: 11:00

Event: ESL SC2 Masters 2023 Summer (Regionals)

VOD

Have the link to the VOD?

Description

Time

  • Played on: May 12, 2023, 3:41 p.m.
  • Length: 11:07

All games in this series

Show
View Real Time Build Order
Export as new Build Order

DisK Protoss 

Build Orders: 1 Gate Expand, Oracle Opening 

Get SALT Encoding   

  12  0:00  Probe  
  13  0:12  Probe  
  14  0:20  Pylon  
  14  0:25  Probe  
  15  0:38  Probe (Chrono Boost)  
  15  0:41  Gateway  
  16  0:48  Probe (Chrono Boost), Assimilator  
  17  0:53  Probe (Chrono Boost)  
  18  1:05  Probe  
  19  1:17  Probe  
  20  1:26  Nexus  
  20  1:35  Cybernetics Core  
  20  1:38  Probe  
  21  1:44  Assimilator  
  21  1:50  Probe  
  22  1:54  Pylon  
  22  2:02  Probe (Chrono Boost)  
  23  2:09  Adept (Chrono Boost)  
  23  2:12  Warp Gate  
  23  2:14  Probe (Chrono Boost)  
  26  2:18  Probe (Chrono Boost)  
  27  2:26  Stargate  
  27  2:33  Probe (Chrono Boost)  
  27  2:34  Stalker  
  30  2:38  Probe (Chrono Boost)  
  31  2:47  Probe (Chrono Boost)  
  31  2:49  Probe (Chrono Boost)  
  33  2:52  Probe (Chrono Boost)  
  33  2:57  Probe  
  35  3:04  Probe  
  36  3:06  Oracle (Chrono Boost)  
  36  3:11  Probe, Gateway  
  40  3:16  Probe, Pylon  
  41  3:23  Probe  
  42  3:29  Probe  
  43  3:35  Probe  
  43  3:36  Oracle  
  47  3:43  Nexus  
  47  3:45  Probe  
  47  3:47  Probe  
  49  3:50  Pylon  
  49  3:57  Assimilator  
  49  3:59  Assimilator  
  49  4:00  Probe  
  49  4:01  Probe (Chrono Boost)  
  50  4:12  Forge  
  50  4:13  Probe (Chrono Boost)  
  50  4:16  Oracle  
  55  4:17  Probe (Chrono Boost)  
  55  4:22  Probe (Chrono Boost)  
  56  4:24  Pylon  
  56  4:26  Probe (Chrono Boost)  
  56  4:28  Adept  
  56  4:29  Probe, Adept  
  62  4:36  Twilight Council  
  62  4:42  Probe x2  
  64  4:47  Protoss Ground Weapons Level 1 (Chrono Boost)  
  64  4:49  Robotics Facility  
  64  4:55  Probe x2 (Chrono Boost)  
  64  4:56  Probe (Chrono Boost)  
  67  5:06  Probe x2 (Chrono Boost), Gateway x2  
  70  5:07  Probe (Chrono Boost)  
  70  5:11  Probe x2 (Chrono Boost)  
  70  5:12  Probe (Chrono Boost)  
  72  5:21  Probe x2  
  74  5:26  Blink (Chrono Boost)  
  74  5:27  Probe  
  74  5:32  Pylon  
  74  5:33  Probe x2, Assimilator  
  74  5:34  Shield Battery, Assimilator  
  74  5:39  Probe  
  74  5:40  Observer  
  76  5:43  Robotics Bay  
  76  5:44  Robotics Facility  
  76  5:45  Probe  
  76  5:46  Probe  
  78  5:51  Probe  
  79  5:57  Probe  
  79  5:58  Probe  
  81  6:05  Probe  
  81  6:06  Gateway x2, Sentry  
  81  6:08  Gateway  
  81  6:09  Probe, Gateway  
  85  6:14  Warp Prism  
  85  6:16  Probe  
  85  6:18  Stalker  
  90  6:19  Stalker  
  90  6:22  Pylon  
  92  6:26  Pylon  
  92  6:36  Probe  
  93  6:43  Nexus  
  93  6:44  Stalker x2  
  97  6:47  Pylon  
  97  6:49  Stalker x2  
  101  6:59  Disruptor x2  
  107  7:03  Probe x2  
  107  7:05  Probe, Shield Battery  
  107  7:07  Protoss Ground Weapons Level 2 (Chrono Boost)  
  107  7:08  Pylon  
  110  7:12  Pylon  
  110  7:16  Probe x2, Pylon  
  110  7:17  Probe  
  110  7:20  Colossus  
  110  7:21  Templar Archives  
  113  7:24  Stalker x2  
  113  7:28  Photon Cannon  
  117  7:30  Photon Cannon  
  117  7:32  Pylon  
  117  7:51  Charge  
  117  7:54  Gateway  
  117  7:55  Gateway  
  117  7:58  Probe x2  
  117  7:59  Assimilator  
  117  8:00  Immortal x2, Assimilator  
  127  8:07  Photon Cannon  
  127  8:08  Photon Cannon, Shield Battery  
  127  8:09  Probe x2  
  129  8:20  Stargate  
  129  8:24  Probe, Fleet Beacon  
  130  8:27  Protoss Air Weapons Level 1  
  130  8:29  Photon Cannon  
  130  8:34  Photon Cannon  
  130  8:39  Stalker x3  
  136  8:43  Disruptor x2  
  142  8:59  Photon Cannon  
  142  9:01  Shield Battery  
  142  9:03  Photon Cannon  
  142  9:06  Photon Cannon  
  142  9:10  Carrier x2 (Chrono Boost)  
  142  9:14  Stalker  
  155  9:20  Zealot x5  
  152  9:42  Stalker x5  
  135  9:49  Disruptor x2  
  135  9:51  Zealot x8  
  135  9:52  Zealot  
  142  10:02  Probe x2 (Chrono Boost)  
  121  10:09  Probe (Chrono Boost)  
  102  10:14  Probe x2 (Chrono Boost)  
  102  10:20  Probe (Chrono Boost)  
  112  10:21  High Templar x2  
  112  10:22  Probe (Chrono Boost)  
  112  10:26  Pylon  
  112  10:27  Pylon  
  117  10:43  Pylon  
  117  10:44  Probe x3, Pylon  
  117  10:46  High Templar x3  
  117  10:47  High Templar  
  128  10:50  Archon  
  113  10:57  Stalker x2  
Show
View Real Time Build Order
Export as new Build Order

Scarlett Zerg - Winner!

Build Orders: Hatch First 

Get SALT Encoding   

  12  0:00  Drone  
  13  0:12  Overlord  
  13  0:16  Drone  
  14  0:30  Drone x2  
  16  0:46  Hatchery  
  15  0:51  Drone  
  15  0:54  Drone  
  15  0:57  Drone  
  18  1:09  Extractor  
  17  1:12  Spawning Pool  
  17  1:15  Drone  
  17  1:18  Drone  
  18  1:27  Drone  
  19  1:38  Drone  
  20  1:50  Drone  
  21  1:59  Queen x2  
  21  2:00  Overlord, Zergling x2  
  26  2:09  Drone  
  26  2:11  Drone  
  28  2:20  Drone  
  28  2:21  Metabolic Boost  
  28  2:22  Drone  
  30  2:31  Drone  
  30  2:34  Hatchery  
  30  2:41  Queen  
  30  2:43  Zergling x2  
  33  2:47  Overlord  
  33  2:49  Drone  
  34  2:52  Drone  
  34  2:54  Drone  
  36  3:04  Overlord, Queen  
  38  3:07  Drone  
  38  3:08  Drone  
  38  3:11  Drone  
  42  3:12  Drone  
  42  3:16  Drone  
  42  3:17  Drone  
  44  3:23  Queen  
  46  3:30  Drone x2  
  48  3:35  Overlord, Spore Crawler  
  48  3:39  Overlord  
  48  3:40  Drone x3  
  50  3:45  Queen  
  52  3:50  Drone x3  
  52  3:52  Drone  
  56  3:56  Zergling x4  
  56  4:01  Queen  
  60  4:05  Spore Crawler  
  60  4:07  Drone  
  60  4:09  Spore Crawler  
  57  4:10  Drone  
  57  4:11  Drone  
  57  4:12  Drone  
  57  4:13  Drone  
  57  4:15  Drone x2  
  64  4:17  Drone  
  64  4:20  Drone x2  
  66  4:25  Drone x2, Evolution Chamber  
  67  4:34  Drone x2, Overlord  
  67  4:45  Zergling x2  
  67  4:46  Zergling x10  
  67  4:50  Lair  
  67  4:51  Overlord, Zerg Melee Weapons Level 1  
  72  4:54  Drone  
  72  4:55  Drone x3  
  76  5:04  Hatchery  
  76  5:05  Hatchery  
  74  5:08  Drone x3  
  74  5:12  Drone x3  
  80  5:16  Zergling x8  
  83  5:26  Drone x7  
  89  5:30  Extractor x2  
  89  5:35  Drone x4  
  90  5:40  Extractor  
  90  5:41  Baneling Nest  
  88  5:44  Drone x2  
  88  5:45  Overlord x2  
  88  5:47  Extractor  
  89  5:53  Hydralisk Den  
  89  5:56  Drone  
  89  5:57  Drone  
  89  5:58  Extractor  
  88  6:05  Drone x3  
  88  6:08  Drone  
  88  6:09  Drone x3  
  88  6:10  Zergling x2  
  88  6:11  Zergling x12  
  101  6:25  Centrifugal Hooks, Muscular Augments  
  101  6:26  Drone x6  
  101  6:29  Spore Crawler  
  106  6:33  Drone x5  
  106  6:36  Overlord x3  
  111  6:41  Spore Crawler  
  111  6:45  Drone x6  
  114  6:47  Zerg Melee Weapons Level 2  
  114  6:48  Hydralisk  
  114  6:50  Overlord x3  
  114  6:51  Overseer  
  116  6:57  Overlord  
  116  6:58  Hydralisk x4  
  124  7:04  Hydralisk x3  
  130  7:10  Drone x4  
  132  7:20  Hydralisk x5  
  142  7:33  Zergling x38  
  142  7:36  Overlord x3, Grooved Spines  
  159  7:45  Zergling x8  
  159  7:50  Zergling x4  
  165  7:51  Overlord  
  165  7:58  Zergling x20  
  175  8:00  Zergling x8  
  179  8:06  Zergling x10  
  179  8:09  Zergling x2  
  185  8:13  Overlord x2  
  185  8:17  Hatchery  
  184  8:21  Zergling x10  
  189  8:31  Overlord  
  189  8:33  Drone  
  190  8:35  Hydralisk x2  
  190  8:36  Zergling x10  
  190  8:37  Baneling  
  190  8:38  Baneling x46  
  199  8:50  Overseer  
  199  8:51  Hatchery  
  199  8:53  Baneling x7  
  198  8:56  Baneling x3  
  198  8:59  Extractor  
  197  9:04  Baneling x5  
  197  9:05  Zergling x4  
  192  9:25  Zergling x12  
  192  9:26  Zergling x6  
  192  9:29  Baneling  
  192  9:30  Baneling x6, Zergling x8  
  196  9:39  Zergling x8  
  196  9:44  Zergling x16  
  197  9:50  Zergling x18  
  196  9:55  Zergling x20  
  183  10:04  Hydralisk x8  
  182  10:10  Hydralisk  
  182  10:16  Hydralisk x4  
  182  10:19  Hydralisk x2  
  182  10:20  Hydralisk  
  189  10:24  Hydralisk x5, Infestation Pit  
  189  10:27  Baneling x4  
  197  10:32  Zergling x2  
  197  10:33  Baneling  
  197  10:34  Baneling x4, Zergling x2  
  199  10:37  Extractor  
  199  10:42  Zergling x2  
  199  10:44  Overseer  
  187  11:05  Spire  
Tags
 
Add a new tag
Caveats
  • Supply blocks, unpowered buildings, or Contaminate may cause inaccurate times.
  • Supply counts are checked every 10 seconds.